 Dungeon Crawl Stone Soup version 0.25-a0-566-g062765be81 (webtiles) character file.

Game seed: 1225171785009231405, levelgen mode: deterministic

719 Flugslaktarn the Chopper (level 7, -2/61 HPs)
             Began as a Minotaur Fighter on Feb 27, 2020.
             Was a Follower of Makhleb.
             Slain by a killer bee (3 damage)
             ... on level 6 of the Dungeon.
             The game lasted 00:01:42 (2790 turns).

Flugslaktarn the Chopper (Minotaur Fighter)         Turns: 2790, Time: 00:01:42

Health: -2/61      AC: 10    Str: 22    XL:     7   Next: 42%
Magic:  7/7        EV:  6    Int:  5    God:    Makhleb [*.....]
Gold:   195        SH: 10    Dex: 10    Spells: 6/6 levels left

rFire    . . .     SeeInvis .   u - +3 war axe of the Establishment {pain, +Blink} (curse)
rCold    . . .     Gourm    .   c - +0 kite shield
rNeg     . . .     Faith    .   s - +0 chain mail
rPois    .         Spirit   .   (helmet restricted)
rElec    .         Reflect  .   (no cloak)
rCorr    .         Harm     .   (no gloves)
MR       .....                  (no boots)
Stlth    ..........             (no amulet)
HPRegen  0.20/turn              (no ring)
MPRegen  0.10/turn              (no ring)

@: lethally poisoned (-2 -> -12)
A: retaliatory headbutt, horns 2
a: Renounce Religion, Evoke Blink


You were on level 6 of the Dungeon.
You worshipped Makhleb.
Makhleb was aware of your devotion.
You were not hungry.

You visited 2 branches of the dungeon, and saw 7 of its levels.

You collected 195 gold pieces.

Inventory:

Hand Weapons
 a - a +0 war axe
 o - a +0 hand axe of pain
   (You found it on level 4 of the Dungeon)
 u - the cursed +3 war axe of the Establishment (weapon) {pain, +Blink}
   (You found it on level 5 of the Dungeon)

   In the hands of one skilled in necromantic magic, it inflicts extra damage on
   living creatures.
   It lets you blink.
   It has a curse placed upon it.
Armour
 b - a +0 scale mail
 c - a +0 kite shield (worn)
 s - a +0 chain mail (worn)
   (You found it on level 4 of the Dungeon)
Jewellery
 h - an uncursed ring of ice {unknown}
   (You found it on level 1 of the Dungeon)
 y - an uncursed amulet of guardian spirit {unknown}
   (You found it on level 5 of the Dungeon)
Wands
 p - a wand of paralysis (8)
   (You found it on level 4 of the Dungeon)
 B - a wand of acid (6)
   (You found it on level 6 of the Dungeon)
Scrolls
 f - 2 scrolls of remove curse {unknown}
 g - 3 scrolls of fog {unknown}
 j - 4 scrolls of magic mapping {unknown}
 k - a scroll of noise {unknown}
 l - 3 scrolls of identify {unknown}
 m - 2 scrolls of enchant armour {unknown}
 t - a scroll of immolation {unknown}
 x - a scroll of amnesia {unknown}
Potions
 d - 2 potions of might
 i - a potion of degeneration {unknown}
 n - a potion of curing {unknown}
 q - a potion of stabbing {unknown}
 r - a potion of mutation {unknown}
 v - a potion of invisibility {unknown}
 z - a potion of flight {unknown}
 A - a potion of cancellation
Comestibles
 e - 2 rations
 w - 2 chunks of flesh


   Skills:
 + Level 5.5 Fighting
 * Level 6.4 Axes
 + Level 5.5 Armour
 + Level 5.5 Shields
 + Level 2.1 Invocations


You had 6 spell levels left.
You didn't know any spells.
Your spell library was empty.

Dungeon Overview and Level Annotations

Branches:
Dungeon (6/15)             Temple (1/1) D:4

Altars:
Ashenzari
Cheibriados
Fedhas
Gozag
Kikubaaqudgha
Makhleb
Qazlal
Sif Muna
Yredelemnul
Zin
The Shining One

Annotations:
D:4 1 runed translucent door, Flugslaktarn's ghost, weakling DDFi
D:6 Menkaure


Innate Abilities, Weirdness & Mutations

You reflexively headbutt those who attack you in melee.
You have a pair of horns on your head.


Message History

* * * LOW HITPOINT WARNING * * *
The killer bee stings you but does no damage.
The killer bee stings you!
* * * LOW HITPOINT WARNING * * *
You are more poisoned.
The killer bee poisons you!
You are too injured to fight recklessly!
You are too injured to fight recklessly!
You are too injured to fight recklessly!
You are too injured to fight recklessly!
You are too injured to fight recklessly!
You are too injured to fight recklessly!
You are too injured to fight recklessly!
You are too injured to fight recklessly!
You are too injured to fight recklessly!
Unknown command.
It was a potion of cancellation.
You feel magically purged.
* * * LOW HITPOINT WARNING * * *
You feel sick. The killer bee stings you.
You die...

#..................#.
#....................
#.....##...<......... .
###..####..............
######...............
#........###.....
#.........##.....
##....###...#....
###.## #@y...... #.#
#yMy.#...# ### #...##
... ..... .. #......
####.... #.... .....


You could see Menkaure and 3 killer bees.

Vanquished Creatures
  2 ogres
  A centaur (D:5)
  2 scorpions (D:5)
  A howler monkey (D:4)
  2 crimson imps (D:5)
  2 hounds
  An orc priest (D:4)
  An orc wizard (D:5)
  2 worker ants
  A hound skeleton (D:5)
  2 adders
  A shadow imp (D:5)
  2 worms (D:4)
  A dart slug (D:4)
  2 leopard geckos
  10 orcs
  A ball python (D:1)
  4 giant cockroaches
  4 goblins
  4 hobgoblins (D:1)
  2 jackals (D:2)
  2 kobolds (D:1)
  2 quokkas (D:5)
  A bat (D:1)
  2 frilled lizards
  A jackal zombie (D:5)
  A quokka skeleton (D:5)
  3 rats
60 creatures vanquished.

Notes
Turn   | Place    | Note
-------+----------+-------------------------------------------
     0 | D:1      | Flugslaktarn the Minotaur Fighter began the quest for the
                  | Orb.
     0 | D:1      | Reached XP level 1. HP: 19/19 MP: 0/0
    87 | D:1      | Reached XP level 2. HP: 23/27 MP: 1/1
   134 | D:1      | Reached skill level 3 in Axes
   353 | D:4      | Noticed an ogre
   354 | D:4      | Reached XP level 3. HP: 23/33 MP: 2/2
   362 | D:4      | Killed an ogre
   362 | D:4      | Reached skill level 4 in Axes
   362 | D:4      | Reached XP level 4. HP: 20/41 MP: 3/3
   649 | D:4      | Reached XP level 5. HP: 39/47 MP: 4/4
   765 | D:4      | Noticed Flugslaktarn's ghost (weakling DDFi)
   766 | D:4      | Found a runed translucent door.
   791 | D:4      | Found a staircase to the Ecumenical Temple.
   805 | Temple   | Entered the Ecumenical Temple
   838 | Temple   | Became a worshipper of Makhleb the Destroyer
   881 | D:4      | Found a glowing drain.
  1319 | D:4      | Found an opulent altar of Gozag.
  1715 | D:5      | Entered Level 5 of the Dungeon
  1721 | D:5      | Noticed a centaur
  1724 | D:5      | Killed a centaur
  1724 | D:5      | Reached skill level 5 in Axes
  1724 | D:5      | Reached XP level 6. HP: 50/55 MP: 5/5
  1764 | D:5      | Reached skill level 1 in Invocations
  1797 | D:5      | Reached skill level 5 in Fighting
  1799 | D:5      | Got a transparent war axe
  1800 | D:5      | Identified the cursed +3 war axe of the Establishment
                  | {pain, +Blink} (You found it on level 5 of the Dungeon)
  1892 | D:5      | Reached skill level 5 in Armour
  1892 | D:5      | Reached skill level 5 in Shields
  2200 | D:5      | Reached XP level 7. HP: 61/61 MP: 7/7
  2220 | D:5      | Reached skill level 6 in Axes
  2535 | D:5      | Reached * piety under Makhleb
  2785 | D:6      | Noticed Menkaure
  2789 | D:6      | HP: 3/61 [killer bee (7)]
  2790 | D:6      | HP: 1/61 [poisoned by a killer bee]
  2790 | D:6      | Slain by a killer bee

Levels and vault maps discovered:
D:1:      onia_arrival_mini_spirals, layout_rooms, minmay_misc_feat_plants
D:2:      layout_basic, chequers_temple_overflow_statue_of_worship,
          minmay_misc_feat_roman, kennysheep_decorative_pillar,
          hangedman_abyss_or_decor_lesser_grid
D:3:      layout_loops_ring, serial_rivers, chequers_serial_rivers_large_a,
          chequers_serial_rivers_small_b, chequers_serial_rivers_marsh,
          chequers_serial_rivers_small_b, chequers_serial_rivers_room_b,
          saegor_snake_ambush
D:4:      layout_layer_cave, minmay_temple_entry_proselytizer,
          cheibrodos_sewer_entry_bend, hellmonk_ghost_happy_afterlife,
          serial_bayou_pond_c, nrook_campfire, grunt_gozag_statues
D:5:      layout_gridville, first_ration, grunt_decor_mini_mirrors
D:6:      layout_cave_pools, uniq_menkaure, uniq_eustachio
Temple:   eino_narrow_crystal_temple

Skill      XL: |  1  2  3  4  5  6  7 |
---------------+----------------------+-----
Axes           | 3 4 5 6 |  6.4
Fighting       | 4 5 |  5.5
Armour         | 4 5 |  5.5
Shields        | 4 5 |  5.5
Invocations    | 1 2 |  2.1

Action                   |  1- 3 |  4- 6 |  7- 9 || total
-------------------------+-------+-------+-------++-------
Melee: War axe           |    50 |    56 |    35 ||   141
       Headbutt          |     9 |     7 |     5 ||    21
       Hand axe          |       |    13 |       ||    13
  Use: Potion            |       |       |     1 ||     1
  Eat: Ration            |       |     1 |       ||     1
       Chunk             |       |     1 |     2 ||     3
Armor: Scale mail        |    15 |    12 |       ||    27
       Chain mail        |       |    11 |    12 ||    23
Dodge: Dodged            |    21 |    15 |     5 ||    41
Block: Kite shield       |    32 |    31 |    19 ||    82

Table legend:
 A = Non-vault XP
 B = Vault XP
 C = Vault XP percentage of total XP
 D = Non-vault monster count
 E = Vault monster count
 F = Vault count percentage of total count
                 A         B        C        D         E       F
            +---------+---------+-------+---------+---------+-------
      Total |     980 |      48 |   4.7 |      58 |       2 |   3.3
            +---------+---------+-------+---------+---------+-------
        D:1 |      25 |       0 |   0.0 |      14 |       0 |   0.0
        D:2 |       7 |       0 |   0.0 |       4 |       0 |   0.0
        D:3 |       1 |       0 |   0.0 |       1 |       0 |   0.0
        D:4 |     236 |      48 |  16.9 |      10 |       2 |  16.7
        D:5 |     661 |       0 |   0.0 |      27 |       0 |   0.0
        D:6 |      50 |       0 |   0.0 |       2 |       0 |   0.0
            +---------+---------+-------+---------+---------+-------
